 Dungeon Crawl Stone Soup version 0.30-a0-222-ge547ba4400 (webtiles) character file.

Game seed: 6027563360959053060

252 jimonade the Magician (level 6, -3/40 HPs)
             Began as a Djinni Ice Elementalist on Oct 8, 2022.
             Slain by Grinder (5 damage)
             ... on level 3 of the Dungeon.
             The game lasted 00:07:04 (2877 turns).

jimonade the Magician (Djinni Ice Elementalist)     Turns: 2877, Time: 00:07:05

Health: -3/40      AC:  2    Str:  7    XL:     6   Next: 36%
Gold:   194        EV: 12    Int: 19    God:
                   SH:  0    Dex: 13

rFire   + + .      SeeInvis .    h - +0 long sword
rCold   x . .      Faith    .    (no shield)
rNeg    . . .      Spirit   .    a - +0 robe
rPois   ∞          Reflect  .    (no helmet)
rElec   .          Harm     .    (no cloak)
rCorr   .          Rampage  .    (no gloves)
Will    .....                    (boots unavailable)
Stlth   ++........               (no amulet)
HPRegen 0.26/turn                (no ring)
MPRegen 0.00/turn                (no ring)

@: freezing walls, flying
A: sickness immunity, fire resistance 2, cold vulnerability 1, float, innate
caster, HP casting, extra vitality 1
a: no special abilities


You were on level 3 of the Dungeon.
You visited 1 branch of the dungeon, and saw 4 of its levels.

You collected 194 gold pieces.

Inventory:

Hand Weapons
 b - a +0 dagger
 f - a +0 short sword
 h - a +0 long sword (weapon)
 n - a +0 spear
 v - a +0 sling
Armour
 a - a +0 robe (worn)
 i - a +0 plate armour
 q - a +0 leather armour
Wands
 y - a wand of acid (8)
 C - a wand of paralysis (8)
Scrolls
 c - a scroll of enchant armour {unknown}
 d - 2 scrolls of noise {unknown}
 e - 4 scrolls of identify {unknown}
 g - a scroll of summoning {unknown}
 k - a scroll of magic mapping {unknown}
 l - 2 scrolls of fear {unknown}
 m - 2 scrolls of teleportation {unknown}
 t - a scroll of enchant weapon {unknown}
 u - a scroll of poison {unknown}
 A - a scroll of blinking {unknown}
 B - a scroll of acquirement {unknown}
Potions
 j - 4 potions of curing {unknown}
 o - a potion of flight {unknown}
 p - a potion of resistance {unknown}
 r - a potion of haste {unknown}
 s - a potion of magic {unknown}
 w - 2 potions of lignification {unknown}
 x - a potion of mutation {unknown}
 z - a potion of invisibility


   Skills:
 - Level 2.1 Dodging
 - Level 1.5 Stealth
 + Level 5.6 Spellcasting


You had 2 spell levels left.
You knew the following spells:

 Your Spells              Type           Power      Damage    Failure   Level
a - Freeze                Ice            100%       1d11      1%          1
b - Frozen Ramparts       Ice            52%        1d8       3%          3
c - Ozocubu's Armour      Ice            26%        N/A       3%          3
d - Summon Ice Beast      Ice/Summ       26%        N/A       12%         4
e - Foxfire               Conj/Fire      100%       2x1d9     1%          1
f - Passwall              Tmut/Erth      21%        N/A       1%          2
Your spell library was empty.

Dungeon Overview and Level Annotations

Branches:
Dungeon (4/15)
 Temple: D:4-7

Altars:

Shops:
D:3 *

Annotations:
D:3 Grinder


Innate Abilities, Weirdness & Mutations

You are immune to sickness and miasma.
You are immune to poison.
Your flesh is very heat resistant. (rF++)
You are vulnerable to cold. (rC-)
You float through the air rather than walking.
You learn spells naturally, not from books.
Your magical power is your life essence.
You have superior vitality. (+4 MHP)


Message History

The wall freezes something.
Something hits you.
You writhe in agony.
* * * LOW HITPOINT WARNING * * *
Your ice beast cannot move out of your way!
There is a strange disturbance nearby!
Unknown command.
Unknown command.
Unknown command.
Your ice beast cannot move out of your way!
There is a strange disturbance nearby!
Unknown command.
Unknown command.
Unknown command.
Casting: Frozen Ramparts (dangerous; 3% risk of failure)
Confirm with . or Enter, or press ? or * to list all spells.
You can't see any susceptible monsters within range! (Use Z to cast anyway.) Unknown command.
Unknown command.
Casting: Frozen Ramparts (dangerous; 3% risk of failure)
Confirm with . or Enter, or press ? or * to list all spells.
Aiming: Freeze (safe; 1% risk of failure)
Press: ? - help, Shift-Dir - straight line You freeze something.
* * * LOW HITPOINT WARNING * * *
The wall freezes something but does no damage.
Something hits you but does no damage.
Casting: Freeze (safe; 1% risk of failure)
Confirm with . or Enter, or press ? or * to list all spells.
Aiming: Freeze (safe; 1% risk of failure)
Press: ? - help, Shift-Dir - straight line You freeze something but do no damage.
* * * LOW HITPOINT WARNING * * *
Grinder appears from thin air!
Reactivating autopickup.
Your ice beast is no longer paralysed.
Grinder completely resists.
The wall freezes Grinder but does no damage.
Grinder hits you!
* * * LOW HITPOINT WARNING * * *
You writhe in agony.
You die...

#........# #.....# #........#
#.....# #####..(.....#
#.....# #............#
#.....# #............#
#.....# #......#######
#....## #......# ######.)..#
#......##########.........# #
#..>.......Y@5.##.###.....# #
#........#####.##.#<#.#.#.###
#...............[............
#......#.....#.##.....#.#.###
########.....#.##.#.###.#.# #
#........#.##.......#.# #
#........#.####...#.#.# #
#........#.# ###..##.# #
#......###.#####....#.# #


You could see Grinder (ally target) and a friendly ice beast (summoned).

Vanquished Creatures
  A phantom (D:4)
  An orc priest (D:3)
  A jelly (D:4)
  An orc wizard (D:4)
  2 adders
  An ufetubus (D:3)
  A worm (D:2)
  A dart slug (D:3)
  11 orcs
  3 endoplasms
  6 giant cockroaches
  2 goblins (D:1)
  4 hobgoblins
  2 jackals (D:3)
  7 kobolds
  2 quokkas
  3 ball pythons
  7 bats
  2 frilled lizards
  A rat (D:1)
59 creatures vanquished.

Vanquished Creatures (others)
  67 foxfires
67 creatures vanquished.

Grand Total: 126 creatures vanquished

Notes
Turn   | Place    | Note
-------+----------+-------------------------------------------
     0 | D:1      | jimonade the Djinni Ice Elementalist began the quest for
                  | the Orb.
     0 | D:1      | jimonade set off with the following spells memorised:
                  | Freeze, Frozen Ramparts, Ozocubu's Armour, Summon Ice
                  | Beast.
     0 | D:1      | Reached XP level 1. HP: 15/15 MP: 0/0
   370 | D:1      | Reached XP level 2. HP: 18/21 MP: 0/0
  1185 | D:2      | Reached XP level 3. HP: 20/25 MP: 0/0
  1185 | D:2      | Learned a level 1 spell: Foxfire
  1235 | D:2      | Reached skill level 4 in Spellcasting
  1830 | D:3      | Found Feenunk's General Store.
  2034 | D:3      | Reached XP level 4. HP: 26/31 MP: 0/0
  2105 | D:3      | Found a faded altar of an unknown god.
  2375 | D:3      | Reached XP level 5. HP: 31/35 MP: 0/0
  2375 | D:3      | Learned a level 2 spell: Passwall
  2523 | D:4      | Reached skill level 5 in Spellcasting
  2596 | D:4      | Noticed an orc warrior
  2803 | D:4      | Noticed a phantom
  2808 | D:4      | Killed a phantom
  2809 | D:4      | Reached XP level 6. HP: 35/40 MP: 0/0
  2834 | D:4      | Noticed Grinder
  2877 | D:3      | HP: 2/40 [Grinder (7)]
  2877 | D:3      | Slain by Grinder

Illustrated notes

Levels and vault maps discovered:
D:1:      dpeg_arrival_erosion, layout_basic, solitary_fountain,
          roderic_roman_lattice
D:2:      layout_basic, minmay_tree_intersection, grunt_decor_junction
D:3:      layout_basic, serial_shops, shop,
          hellmonk_ecumenical_altar_leap_of_faith
D:4:      layout_rooms, minmay_temple_entry_tees, uniq_pikel, uniq_grinder

Skill      XL: |  1  2  3  4  5 |
---------------+----------------+-----
Spellcasting   | 4 5 |  5.6
Dodging        | |  2.1
Stealth        | |  1.5

Action                   |  1- 3 |  4- 6 || total
-------------------------+-------+-------++-------
Melee: Unarmed           |     1 |       ||     1
       Long sword        |     1 |       ||     1
 Cast: Freeze            |    49 |    23 ||    72
       Frozen Ramparts   |     1 |     2 ||     3
       Foxfire           |       |    40 ||    40
       Summon Ice Beast  |       |     1 ||     1
Armor: Robe              |     7 |     5 ||    12
Dodge: Dodged            |    16 |    16 ||    32

Table legend: (Time is in decaauts)
 A = Elapsed time spent in this place.
 B = Non-inter-level travel time spent in this place.
 C = Inter-level travel time spent in this place.
 D = Time resting spent in this place.
 E = Time spent auto-exploring this place.
 F = Levels seen in this place.
 G = Mean time per level.
                   A        B        C        D        E       F      G
               +--------+--------+--------+--------+--------+-----+--------+
         Total |   2877 |   2816 |     61 |    219 |   2086 |   4 |  719.2 |
       Dungeon |   2877 |   2816 |     61 |    219 |   2086 |   4 |  719.2 |
               +--------+--------+--------+--------+--------+-----+--------+

Top non-repeatable levels by time:
     D:2: 943 daAuts
     D:3: 904 daAuts
     D:1: 894 daAuts
     D:4: 134 daAuts
